Map: Turbo Cruise '84 LE

Players

Nordy

  • Race: Protoss Protoss
  • League: Diamond
  • Spawn Location: 3:00

Cuddlebear - Winner!

  • Race: Terran Terran
  • League: Grandmaster
  • Spawn Location: 7:00

VOD

Have the link to the VOD?

Description

Time

  • Played on: June 2, 2019, 7:18 p.m.
  • Length: 8:10
Show
View Real Time Build Order
Export as new Build Order

Nordy Protoss 

Build Orders: 1 Gate Expand, Blink Stalkers, Zealot Archon 

Get SALT Encoding   

  12  0:00  Probe  
  13  0:11  Probe  
  14  0:18  Pylon  
  14  0:19  Probe  
  15  0:34  Probe  
  15  0:39  Gateway  
  16  0:45  Assimilator  
  16  0:49  Probe  
  17  1:03  Probe  
  18  1:15  Probe  
  19  1:25  Nexus  
  19  1:35  Cybernetics Core  
  19  1:39  Probe  
  20  1:45  Assimilator  
  20  1:51  Probe  
  20  1:54  Pylon  
  21  2:02  Adept  
  21  2:05  Probe  
  22  2:13  Warp Gate  
  24  2:19  Probe  
  25  2:29  Twilight Council  
  24  2:38  Stalker  
  24  2:39  Probe  
  24  2:40  Probe  
  28  2:47  Probe  
  28  2:48  Probe  
  30  2:59  Probe  
  30  3:00  Probe  
  32  3:13  Blink  
  32  3:17  Probe  
  32  3:18  Probe  
  34  3:22  Robotics Facility  
  34  3:25  Gateway  
  34  3:31  Probe x2  
  34  3:32  Pylon  
  36  3:43  Probe x2  
  38  3:55  Probe  
  39  3:56  Probe  
  40  4:03  Stalker  
  40  4:05  Gateway  
  40  4:07  Probe  
  40  4:08  Probe  
  44  4:11  Pylon  
  44  4:13  Observer  
  45  4:19  Stalker  
  45  4:21  Probe x2  
  49  4:25  Assimilator  
  49  4:29  Stalker  
  49  4:30  Assimilator  
  51  4:33  Probe x2  
  53  4:47  Gateway  
  53  4:50  Immortal  
  53  4:51  Gateway  
  57  4:53  Gateway  
  57  4:55  Probe x2  
  57  4:59  Stalker  
  61  5:04  Pylon  
  59  5:25  Probe x2  
  59  5:26  Stalker x2  
  65  5:35  Charge  
  65  5:46  Probe x2  
  67  5:53  Nexus  
  67  5:56  Pylon  
  67  5:58  Probe, Pylon  
  67  5:59  Probe  
  69  6:11  Forge, Templar Archives  
  69  6:12  Probe  
  69  6:14  Probe  
  71  6:21  Zealot x4  
  79  6:39  Probe x2  
  80  6:46  Immortal  
  84  6:47  Zealot  
  84  6:53  Pylon  
  86  6:56  Pylon  
  86  7:03  Pylon  
  86  7:05  Probe x2  
  86  7:06  Pylon  
  86  7:08  Pylon  
  88  7:12  Probe  
  88  7:14  High Templar x4  
  88  7:15  High Templar  
  98  7:17  Probe  
  98  7:20  Archon  
  98  7:21  Archon  
  98  7:22  High Templar  
  101  7:30  Archon  
  101  7:36  Probe x3  
  96  7:47  Zealot x4  
  96  7:48  Probe  
  89  7:53  Zealot  
  70  8:00  Zealot  
Show
View Real Time Build Order
Export as new Build Order

Cuddlebear Terran - Winner!

Build Orders: Reaper Expand 

Get SALT Encoding   

  12  0:00  SCV  
  13  0:13  SCV  
  14  0:18  Supply Depot  
  14  0:25  SCV  
  15  0:40  SCV  
  15  0:42  Barracks  
  16  0:45  Refinery  
  16  0:52  SCV  
  17  1:04  SCV  
  18  1:16  SCV  
  19  1:29  Orbital Command  
  19  1:30  Reaper  
  20  1:45  Command Center  
  20  1:56  SCV  
  20  1:57  Supply Depot  
  21  2:03  Barracks Reactor  
  21  2:09  SCV  
  21  2:12  Refinery  
  22  2:21  SCV  
  23  2:24  Bunker  
  23  2:27  Factory  
  23  2:33  SCV  
  24  2:41  Marine  
  24  2:42  Marine  
  26  2:45  SCV  
  27  2:58  SCV  
  28  2:59  Marine  
  28  3:00  Marine  
  28  3:01  Orbital Command  
  30  3:10  SCV  
  32  3:13  Widow Mine  
  32  3:20  Starport  
  32  3:22  SCV, Marine x2  
  35  3:28  SCV  
  37  3:34  SCV  
  37  3:37  Supply Depot  
  37  3:39  Widow Mine  
  37  3:40  SCV  
  40  3:43  Marine  
  40  3:44  Marine  
  40  3:46  SCV  
  43  3:53  SCV  
  44  3:58  SCV, Medivac, Barracks  
  44  4:02  Marine  
  47  4:03  Marine  
  47  4:05  SCV, Factory Tech Lab  
  50  4:10  SCV  
  50  4:12  Supply Depot  
  51  4:17  SCV  
  51  4:20  Marine  
  51  4:21  Marine  
  54  4:29  Supply Depot  
  54  4:33  SCV x2, Siege Tank  
  54  4:36  Starport Tech Lab  
  59  4:39  Barracks  
  59  4:42  Marine  
  59  4:43  Marine  
  61  4:45  SCV  
  61  4:50  Engineering Bay  
  61  4:51  SCV  
  63  4:55  Raven  
  63  4:57  SCV  
  66  5:00  Refinery  
  66  5:02  Supply Depot  
  66  5:06  Marine x2  
  68  5:08  SCV  
  70  5:14  SCV  
  70  5:21  Terran Infantry Weapons Level 1  
  70  5:22  Factory Reactor  
  70  5:23  SCV  
  70  5:25  Supply Depot x2  
  70  5:26  Stimpack  
  70  5:27  Marine  
  72  5:31  Marauder  
  74  5:35  Marine  
  74  5:37  SCV  
  74  5:42  SCV  
  77  5:45  Combat Shield  
  77  5:46  Marauder  
  79  5:50  SCV, Supply Depot, Starport Reactor  
  79  5:51  Supply Depot  
  79  5:53  Marauder  
  79  5:55  Marine x2  
  84  5:59  Refinery  
  84  6:03  Supply Depot  
  84  6:08  Widow Mine  
  84  6:09  Widow Mine  
  90  6:11  Marauder  
  90  6:12  SCV x2  
  92  6:20  Marine x2  
  92  6:21  Supply Depot, Marauder  
  92  6:24  SCV  
  97  6:30  SCV  
  98  6:35  Marauder  
  98  6:36  Medivac x2, Widow Mine x2  
  98  6:38  Marine  
  98  6:39  Marine  
  106  6:43  Supply Depot  
  106  6:45  Supply Depot  
  106  6:49  Marauder  
  108  6:55  Marine  
  108  6:56  Marine  
  108  6:59  Widow Mine  
  108  7:00  Marine, Widow Mine  
  115  7:07  Ghost Academy  
  115  7:08  Medivac  
  115  7:09  Medivac  
  115  7:10  Marauder  
  115  7:13  Marine  
  122  7:23  Widow Mine  
  122  7:24  Widow Mine, Command Center  
  122  7:25  Marine  
  122  7:29  Marine  
  127  7:31  Marauder  
Tags
 
Add a new tag
Caveats
  • Supply blocks, unpowered buildings, or Contaminate may cause inaccurate times.
  • Supply counts are checked every 10 seconds.